 Dungeon Crawl Stone Soup version 0.32-a0-975-g85d4e5bfdb (webtiles) character file.

Game seed: 4998088375178886012

14160 kae the Mimic (level 11, -1/87 HPs)
             Began as a Demonspawn Shapeshifter on Apr 18, 2024.
             Was a Priest of Ru.
             Killed by divine providence
             ... invoked by a meliai
              (12 damage)
             ... on level 13 of the Dungeon.
             The game lasted 00:10:44 (10961 turns).

kae the Mimic (Demonspawn Shapeshifter)            Turns: 10961, Time: 00:10:45

Health: -1/87      AC: 14    Str: 14    XL:     11   Next: 85%
Magic:  11/11      EV: 14    Int: 11    God:    Ru [***...]
Gold:   772        SH:  4    Dex: 17    Spells: 10/10 levels left

rFire   . .          .
                       - Unarmed
rCold   . . .        (no shield)
rNeg    . . .        s - melded +0 ring mail
rPois   .            (no helmet)
rElec   .            w - +1 cloak {Will+}
rCorr   +            (no gloves)
SInv    .            u - +1 pair of boots {rampage}
Will    +....        (no amulet)
Stlth   ++           R - ring of resist corrosion
HPRegen 0.34/turn    O - +4 ring of protection
MPRegen 0.12/turn

%: rampage
@: about to teleport, maw-form
A: devouring maw, hooves 2, rugged brown scales 2, icemail 1, spiny 1, inability
to use devices, inability to train armour, condensation shield
a: Begin Untransformation, Renounce Religion, Draw Out Power


You were on level 13 of the Dungeon.
You worshipped Ru.
Ru was most pleased with you.
You were a creature with a mouth for a stomach.
You visited 2 branches of the dungeon, and saw 12 of its levels.
You also visited: Bailey.

You collected 772 gold pieces.


Innate Abilities, Weirdness & Mutations

You are a creature with a mouth for a stomach.
Your midsection houses a second, enormous mouth.
You have hoof-like feet.
You are mostly covered in rugged brown scales. (AC +2, +5% HP)
A meltable icy envelope protects you from harm. (AC +4)
You are partially covered in sharp spines.
You cannot study or use magical devices.
You cannot train Armour skill.
A meltable shield of frost defends you. (SH +4)


   Skills:
 + Level 6.6 Fighting
 + Level 6.3 Dodging
 * Level 10.9 Unarmed Combat
 * Level 11.2 Shapeshifting


You had 10 spell levels left.
You didn't know any spells.
Your spell library contained the following spells:

 Spells                   Type           Power      Damage    Failure   Level
 Freeze                   Ice            0%         1d3       34%         1
 Cigotuvi's Dreadful Rot  Necr/Alch/Air  0%         N/A       47%         2
 Ensorcelled Hibernation  Hex/Ice        0%         N/A       47%         2
 Lesser Beckoning         Tloc           0%         N/A       47%         2
 Frozen Ramparts          Ice            0%         1d1       71%         3
 Hailstorm                Conj/Ice       0%         3d5       71%         3
 Maxwell's Portable Pile  Tloc           0%         2d(5-13)  71%         3
 Passwall                 Erth           0%         N/A       71%         3
 Swiftness                Air            0%         N/A       71%         3
 Teleport Other           Tloc           0%         N/A       71%         3
 Ignite Poison            Fire/Alch      0%         N/A       98%         4
 Freezing Cloud           Conj/Ice/Air   0%         6-21      100%        5

Inventory:

Missiles
 h - 78 stones (quivered)
 k - 3 javelins
 o - 45 poisoned darts
 z - 7 boomerangs
 D - a curare-tipped dart {=f}
Armour
 a - a +0 animal skin
 s - a +0 ring mail (melded)
   (You found it on level 2 of the Dungeon)
 u - a +1 pair of boots of rampaging (worn)
   (You found it in a bailey)
 w - a +1 cloak of willpower (worn)
   (You found it in a bailey)
Jewellery
 c - a ring of protection from cold
   (You found it on level 7 of the Dungeon)
 F - a ring of fire
   (You took it off Erica on level 9 of the Dungeon)
 N - a ring of positive energy
   (You found it on level 7 of the Dungeon)
 O - a +4 ring of protection (right hand)
   (You took it off a gnoll on level 10 of the Dungeon)
 R - a ring of resist corrosion (left hand)
   (You found it on level 3 of the Dungeon)
Talismans
 d - a flux talisman
 e - a maw talisman (active)
   (You found it on level 1 of the Dungeon)
 B - a beast talisman
Wands
 m - a wand of flame (18)
   (You found it on level 4 of the Dungeon)
 y - a wand of polymorph (5)
   (You found it on level 6 of the Dungeon)
 A - a wand of mindburst (26)
   (You took it off an orc on level 7 of the Dungeon)
Scrolls
 g - a scroll of noise {!r}
 q - 4 scrolls of fog
 t - 3 scrolls of poison {!r}
 x - a scroll of teleportation {@r4}
 E - 2 scrolls of silence {!r}
 I - 3 scrolls of identify {@r1}
 J - 3 scrolls of brand weapon {unknown}
 K - a scroll of enchant weapon
Potions
 b - a potion of lignification {!q}
 f - a potion of resistance
 i - 3 potions of invisibility
 j - 3 potions of enlightenment
 l - a potion of degeneration {!q}
 n - 2 potions of might
 p - 6 potions of mutation {!q}
 r - a potion of haste {@q3}
 v - 4 potions of curing {@q1}
 C - a potion of attraction {unknown}
 G - a potion of brilliance {unknown}
 H - a potion of magic

Dungeon Overview and Level Annotations

Branches:
Dungeon (10/15) Zot: 26921  Temple (1/1) D:4 Zot: 5956     Orc (0/2) D:10
 Bailey (visited)
   Lair: D:8-11

Altars:
Ashenzari
Cheibriados
Dithmenos
Fedhas
Gozag
Hepliaklqana
Kikubaaqudgha
Makhleb
Nemelex Xobeh
Okawaru
Qazlal
Ru
Sif Muna
Trog
Uskayaw
Vehumet
Wu Jian
Xom
Yredelemnul

Shops:
D:4 :   D:5 =   D:6 :=   D:9 (

Annotations:
D:13 Erolcha

#.....#.# #
#...#.....#
#.#.#.....(.
#.#!#....###
#.#.#.#.## #
#...#.#.#
...##...#.#.#
.......y#.#.#.#
##.##..Wyy.....
.. ###O#.#.#..
# ......
.....#...
#.....#...#
...#..# .##
.... ... .
..... ####


You could see Erolcha and 3 meliai.


Message History

😨 HP[-16]
You take 16 damage, and now have 38/87 hp.
You hit the two-headed ogre. 😨 HP[+1] Unknown command.
You punch the two-headed ogre!
You devour half of the two-headed ogre!
You feel better.
You kill the two-headed ogre! 😮 HP[+15]
You regained 15 hp, and now have 54/87 hp.
There is a stone staircase leading up, spattered with blood here.
Things that are here:
a +0 giant spiked club; a +0 giant club You start resting. 😕 HP[+19]
You regained 19 hp, and now have 73/87 hp.
You're wearing all the rings you can.
Remove which one? (? for menu, Esc to cancel) < or
R - a ring of resist corrosion; > or
N - a ring of positive energy You remove your ring of positive energy.
O - a +4 ring of protection (right hand)
You see here a +0 troll leather armour.
I - 3 scrolls of identify {@r1} (gained 1)
You now have 731 gold pieces (gained 7).
Key pressed, stopping explore.
You see here a +0 trident.
K - a scroll of enchant weapon 😎 HP[+14]
Your hp is fully restored (87).
You now have 744 gold pieces (gained 13).
You open the door.
A malevolent force fills the Dungeon...
You fall into a shaft and drop 3 floors!
The shaft crumbles and collapses.
Unknown command.
Ru believes you are ready to make a new sacrifice.
You now have 763 gold pieces (gained 19).
h - 72 stones (gained 5)
You now have 772 gold pieces (gained 9).
J - 3 scrolls labelled UCKEKHL HEPS (gained 1)
h - 78 stones (gained 6)
j - 3 potions of enlightenment (gained 1) Erolcha the Cunning comes into view.
She is wielding a +0 giant club and wearing a +2 robe of willpower.
You see here a potion of heal wounds {@q2}.
Erolcha is nearby!
Ru will take longer to evaluate your readiness.
You rampage towards Erolcha!
Unknown command.
You rampage towards Erolcha! 2 meliai come into view.
A meliai is wielding a +1 hand axe of freezing.
A meliai comes into view. It is wielding a +0 war axe.
Erolcha shouts!
The meliai buzzes angrily.
The meliai calls down the wrath of its god upon you.
Something smites you!
The meliai buzzes angrily. 😕 HP[-12]
You take 12 damage, and now have 75/87 hp.
You rampage towards Erolcha!
You barely miss Erolcha.
The meliai invokes the aid of its god against you.
Something smites you!
The meliai mumbles some strange prayers to its god against you.
Something smites you! 😮 HP[-24]
You take 24 damage, and now have 51/87 hp.
MASSIVE DAMAGE!! (PAUSE)
You hit Erolcha but do no damage. You bite Erolcha!
The meliai is struck by your spines.
The meliai hits you with a +1 hand axe of freezing.
The meliai freezes you.
* * * LOW HITPOINT WARNING * * *
The meliai stings you but does no damage.
The meliai calls down the wrath of its god upon you.
Something smites you!
* * * LOW HITPOINT WARNING * * *
Erolcha hits you with a +0 giant club.
* * * LOW HITPOINT WARNING * * *
The meliai hits you but does no damage.
The meliai closely misses you. 😨 HP[-25]
You take 25 damage, and now have 26/87 hp.
MASSIVE DAMAGE!! (PAUSE)
You punch Erolcha! You bite Erolcha, but do no damage.
You redirect the meliai's attack!
The meliai hits you with a +1 hand axe of freezing.
* * * LOW HITPOINT WARNING * * *
The meliai freezes you.
* * * LOW HITPOINT WARNING * * *
The meliai barely misses you. x2; You block the meliai's attack. 😨 HP[-4]
You take 4 damage, and now have 22/87 hp.
Unknown command.
As you read the scroll of teleportation {@r4}, it crumbles to dust.
You feel strangely unstable.
The meliai invokes the aid of its god against you.
Something smites you!
* * * LOW HITPOINT WARNING * * *
The meliai calls down the wrath of its god upon you.
Something smites you!
You die...
Ru respects your ultimate sacrifice.

Skill      XL: |  1  2  3  4  5  6  7  8  9 10 11 |
---------------+----------------------------------+-----
Shapeshifting  | 3 4 5 6 8 10 11 | 11.2
Unarmed Combat | 3 4 5 6 9 10 | 10.9
Dodging        | 2 5 6 |  6.3
Fighting       | 2 5 6 |  6.6

Action                     |  1- 3 |  4- 6 |  7- 9 | 10-12 || total
---------------------------+-------+-------+-------+-------++-------
  Melee: Unarmed           |   102 |    95 |   356 |   247 ||   800
         Punch             |     2 |     3 |    11 |    19 ||    35
         Kick              |       |       |    81 |       ||    81
         Maw               |       |       |    81 |    88 ||   169
 Invoke: Sacrifice Artific |       |       |     1 |       ||     1
         Sacrifice Durabil |       |       |       |     1 ||     1
         Reject Sacrifices |       |       |       |     1 ||     1
  Evoke: Wand              |       |       |     8 |       ||     8
    Use: Scroll            |       |     9 |     6 |     2 ||    17
         Potion            |       |     1 |    12 |       ||    13
   Stab: Sleeping          |     2 |     1 |     1 |       ||     4
         Distracted        |       |       |     1 |       ||     1
         Invisible         |       |       |       |     1 ||     1
 Armour: Animal skin       |    54 |     9 |       |       ||    63
         Skin              |       |    19 |   222 |   116 ||   357
         Ring mail         |       |    13 |       |       ||    13
  Dodge: Dodged            |    59 |    32 |   162 |   142 ||   395
  Block: Other             |       |     9 |    56 |    24 ||    89
   Form: Flux              |       |     1 |       |       ||     1
         Maw               |       |       |     1 |       ||     1

Levels and vault maps discovered:
D:1:      lightli_arrival_quake, layout_basic, dk_noncrumbling_3, st_stairs_1
D:2:      layout_rooms
D:3:      layout_rooms, minmay_gold_behind_fungi, minmay_misc_feat_nine_boxes
D:4:      layout_loops_ring, minmay_temple_entry_mini_moons, serial_shops,
          nicolae_shop_statue_plus, kennysheep_another_room,
          minmay_statues_item, uniq_grinder
D:5:      layout_loops_corners, serial_shops, nicolae_shop_just_a_little_nook,
          minmay_fractal_squares_diagonal_5
D:6:      nicolae_cairo_tiling_large, layout_basic, grunt_temple_overflow_open,
          serial_shops, nicolae_stop_n_shop_1, nicolae_custom_books
D:7:      layout_layer_cave, enter_bailey_3, uniq_maurice, uniq_joseph
D:8:      minmay_skewed_foursquare, layout_basic,
          grunt_temple_overflow_lords_of_destruction, old_standard_altar,
          st_stairs_10, minivault_26, worms_lemuel, uniq_psyche, uniq_maggie
D:9:      layout_long_grid, serial_shops, shop, wad_floor_pattern_1, uniq_erica
D:10:     argonaut_augean_stables, layout_basic,
          kennysheep_orc_monster_closet_entryway
D:13:     layout_basic, uniq_sonja, uniq_erolcha
Temple:   nicolae_temple_bog_church

Notes
Turn   | Place    | Note
-------+----------+-------------------------------------------
     0 | D:1      | kae the Demonspawn Shapeshifter began the quest for the
                  | Orb.
     0 | D:1      | Reached XP level 1. HP: 15/15 MP: 1/1
     0 | D:1      | magus.rc [v1.11.3]
   159 | D:1      | Reached skill level 3 in Shapeshifting
   162 | D:1      | You pick up a book of Burglary and begin reading...
   162 | D:1      | You add the spells Ensorcelled Hibernation, Swiftness and
                  | Passwall to your library.
   202 | D:1      | Gained mutation: You are partially covered in sharp spines.
                  | [demonic ancestry]
   202 | D:1      | Reached XP level 2. HP: 21/21 MP: 2/2
   219 | D:1      | Reached skill level 3 in Unarmed Combat
   411 | D:1      | Gained mutation: You are partially covered in rugged brown
                  | scales. (AC +1, +3% HP) [demonic ancestry]
   411 | D:1      | Reached XP level 3. HP: 21/26 MP: 3/3
  1223 | D:2      | Gained mutation: A meltable shield of frost defends you.
                  | (SH +4) [demonic ancestry]
  1223 | D:2      | Reached XP level 4. HP: 32/32 MP: 4/4
  1886 | D:4      | Found Meicofao's Book Shoppe.
  1996 | D:4      | Noticed a scorpion
  1997 | D:4      | Noticed Grinder
  2004 | D:4      | Killed a scorpion
  2005 | D:4      | Reached skill level 4 in Shapeshifting
  2005 | D:4      | Gained mutation: You are mostly covered in rugged brown
                  | scales. (AC +2, +5% HP) [demonic ancestry]
  2005 | D:4      | Reached XP level 5. HP: 38/38 MP: 5/5
  2015 | D:4      | Paralysed by Grinder for 5 turns
  2029 | D:4      | Killed Grinder
  2030 | D:4      | Reached skill level 4 in Unarmed Combat
  2030 | D:4      | Reached skill level 5 in Shapeshifting
  2030 | D:4      | Gained mutation: A meltable icy envelope protects you from
                  | harm. (AC +4) [demonic ancestry]
  2030 | D:4      | Reached XP level 6. HP: 31/45 MP: 6/6
  2298 | D:4      | Found a staircase to the Ecumenical Temple.
  2318 | Temple   | Entered the Ecumenical Temple
  2351 | Temple   | Became a worshipper of Ru the Awakened
  2689 | D:5      | Entered Level 5 of the Dungeon
  2737 | D:5      | Gained mutation: You have large cloven feet. [demonic
                  | ancestry]
  2737 | D:5      | Reached XP level 7. HP: 30/50 MP: 7/7
  2837 | D:5      | Reached skill level 5 in Unarmed Combat
  2837 | D:5      | Reached skill level 6 in Shapeshifting
  3092 | D:5      | You add the spells Cigotuvi's Dreadful Rot, Ignite Poison
                  | and Freezing Cloud to your library.
  3300 | D:5      | You pick up a book of Displacement and begin reading...
  3300 | D:5      | You add the spells Lesser Beckoning, Teleport Other and
                  | Maxwell's Portable Piledriver to your library.
  3626 | D:5      | Found Byuquir's Jewellery Emporium.
  3873 | D:6      | Identified the +1 sling of Extremism {freeze, rPois rF+
                  | Will+}
  3915 | D:6      | Reached XP level 8. HP: 45/56 MP: 8/8
  4066 | D:6      | Found Nafickoc's Jewellery Boutique.
  4157 | D:6      | Found Tistuo's Self-Published Books.
  4207 | D:6      | Reached skill level 7 in Shapeshifting
  4236 | D:6      | HP: 14/56 [sky beast (3)]
  4242 | D:6      | HP: 11/56 [gnoll bouda/+0 whip (2)]
  4247 | D:6      | HP: 4/56 [gnoll bouda/+0 whip (8)]
  4251 | D:6      | Reached skill level 6 in Unarmed Combat
  4578 | D:6      | Identified the +3 dagger of Imminent Death {protect,
                  | *Corrode rElec rF++}
  4839 | D:6      | Found a sparkling altar of Nemelex Xobeh.
  4840 | D:6      | Found a stormy altar of Qazlal.
  4846 | D:6      | Found a hide-covered altar of Uskayaw.
  4849 | D:6      | Gained mutation: You cannot study or use magical devices.
                  | [Ru sacrifice]
  4849 | D:6      | Reached * piety under Ru
  4849 | D:6      | Reached ** piety under Ru
  5088 | D:7      | Reached skill level 2 in Dodging
  5248 | D:7      | Found a flagged portal.
  5258 | D:7      | Reached skill level 8 in Shapeshifting
  5270 | D:7      | Reached skill level 2 in Fighting
  5279 | Bailey   | Entered a bailey
  5455 | Bailey   | Reached XP level 9. HP: 40/64 MP: 9/9
  5507 | Bailey   | Reached skill level 7 in Unarmed Combat
  5650 | Bailey   | Reached skill level 3 in Dodging
  5725 | Bailey   | HP: 17/97 [vampire/+2 vampiric halberd (7)]
  5727 | Bailey   | HP: 6/97 [vampire/+2 vampiric halberd (6)]
  5732 | Bailey   | HP: 17/97 [vampire/+2 vampiric halberd (8)]
  5734 | Bailey   | HP: 1/97 [vampire/+2 vampiric halberd (17)]
  6022 | Bailey   | Noticed a gargoyle
  6035 | Bailey   | HP: 13/55 [gargoyle/+0 flail (8)]
  6039 | Bailey   | HP: 4/55 [gargoyle/+0 flail (7)]
  6040 | Bailey   | HP: 1/55 [gargoyle/+0 flail (3)]
  6042 | Bailey   | Killed a gargoyle
  6043 | Bailey   | Reached skill level 3 in Fighting
  6636 | D:7      | Noticed Joseph
  6646 | D:7      | HP: 11/58 [Joseph/+0 quarterstaff (8)]
  6648 | D:7      | HP: 4/58 [Joseph/+0 quarterstaff (8)]
  6650 | D:7      | Killed Joseph
  6813 | D:7      | Noticed Maurice
  6828 | D:7      | Reached skill level 8 in Unarmed Combat
  7039 | D:7      | Reached skill level 9 in Shapeshifting
  7044 | D:7      | Something stole a ring of protection from cold
  7046 | D:7      | Something stole 147 gold
  7048 | D:7      | Something stole 50 stones
  7049 | D:7      | HP: 14/60 [something (4)]
  7049 | D:7      | Something stole a beast talisman
  7056 | D:7      | HP: 8/60 [something (3)]
  7238 | D:7      | Killed Maurice
  7848 | D:7      | Identified a potion of experience
  7859 | D:8      | Reached skill level 5 in Fighting
  7859 | D:8      | Reached skill level 5 in Dodging
  7859 | D:8      | Reached skill level 9 in Unarmed Combat
  7859 | D:8      | Reached skill level 10 in Shapeshifting
  7859 | D:8      | Reached XP level 10. HP: 77/77 MP: 10/10
  7866 | D:8      | Noticed Psyche
  7872 | D:8      | Killed Psyche
  7873 | D:8      | Gained mutation: You have hoof-like feet. [demonic
                  | ancestry]
  7873 | D:8      | Reached XP level 11. HP: 84/84 MP: 11/11
  8142 | D:8      | Gained mutation: You cannot train Armour skill. [Ru
                  | sacrifice]
  8142 | D:8      | Reached *** piety under Ru
  8175 | D:8      | Reached skill level 10 in Unarmed Combat
  8764 | D:8      | Found a burning altar of Makhleb.
  8765 | D:8      | Found a radiant altar of Vehumet.
  8899 | D:8      | Found a bloodstained altar of Trog.
  8912 | D:8      | You pick up a book of Frost and begin reading...
  8912 | D:8      | You add the spells Freeze, Frozen Ramparts and Hailstorm to
                  | your library.
  8983 | D:8      | Noticed Maggie
  8988 | D:8      | Killed Maggie
  9333 | D:9      | Noticed Erica
  9345 | D:9      | Killed Erica
  9346 | D:9      | Reached skill level 6 in Fighting
  9806 | D:9      | Found Biapop's Weapon Boutique.
  9868 | D:9      | Noticed a two-headed ogre
  9874 | D:9      | Killed a two-headed ogre
  9875 | D:9      | Reached skill level 6 in Dodging
 10132 | D:9      | Reached skill level 11 in Shapeshifting
 10440 | D:10     | Entered Level 10 of the Dungeon
 10608 | D:10     | Found a staircase to the Orcish Mines.
 10712 | D:10     | Noticed a two-headed ogre
 10721 | D:10     | Killed a two-headed ogre
 10883 | D:10     | You fall into a shaft and drop 3 floors!
 10954 | D:13     | Noticed Erolcha
 10961 | D:13     | HP: 11/87 [meliai/divine providence (11)]
 10961 | D:13     | Killed from afar by a meliai

Vanquished Creatures
  Erica (D:9)
  2 two-headed ogres
  Maurice (D:7)
  Joseph (D:7)
  2 gargoyles
  Maggie (D:8)
  Psyche (D:8)
  Grinder (D:4)
  2 trolls (D:10)
  A vampire (Bailey)
  2 steam dragons
  A swamp worm (D:8)
  2 acid dragons (D:9)
  2 water moccasins (D:8)
  2 sky beasts
  7 orc warriors
  3 ice beasts (D:7)
  3 ogres (D:10)
  7 centaurs
  2 phantoms
  6 kobold brigands
  6 scorpions
  A bullfrog (D:6)
  9 wights
  8 killer bees
  3 howler monkeys
  7 vampire bats (Bailey)
  8 wolf zombies (Bailey)
  A crimson imp (D:8)
  2 jellies (D:5)
  A bombardier beetle (D:5)
  2 gnoll boudas
  3 hounds
  5 orc priests
  2 sleepcaps
  2 orc wizards
  4 iguanas
  14 gnolls
  3 adders
  A shadow imp (D:8)
  2 white imps
  A dart slug (D:5)
  24 orcs
  9 ball pythons
  9 endoplasms
  3 giant cockroaches
  11 goblins
  6 hobgoblins
  9 jackals (D:1)
  8 quokkas
  6 bats (D:1)
  3 frilled lizards
  23 kobolds
  20 orc zombies (Bailey)
  6 rats
272 creatures vanquished.

Table legend:
 A = Non-vault XP
 B = Vault XP
 C = Vault XP percentage of total XP
 D = Non-vault monster count
 E = Vault monster count
 F = Vault count percentage of total count
                 A         B        C        D         E       F
            +---------+---------+-------+---------+---------+-------
      Total |    7839 |    6973 |  47.1 |     190 |      81 |  29.9
            +---------+---------+-------+---------+---------+-------
        D:1 |      65 |       3 |   4.4 |      39 |       2 |   4.9
        D:2 |      30 |       0 |   0.0 |      17 |       0 |   0.0
        D:3 |      23 |       0 |   0.0 |       7 |       0 |   0.0
        D:4 |     231 |     300 |  56.5 |      14 |       1 |   6.7
        D:5 |     417 |     310 |  42.6 |      19 |       7 |  26.9
        D:6 |     556 |       0 |   0.0 |      12 |       0 |   0.0
        D:7 |     984 |    1009 |  50.6 |      28 |       6 |  17.6
        D:8 |    1754 |    1504 |  46.2 |      33 |      10 |  23.3
        D:9 |    2365 |     847 |  26.4 |      14 |       1 |   6.7
       D:10 |    1414 |    1427 |  50.2 |       7 |      17 |  70.8
     Bailey |       0 |    1573 | 100.0 |       0 |      37 | 100.0
            +---------+---------+-------+---------+---------+-------

Skill      XL: |  1  2  3  4  5  6  7  8  9 10 11 |
---------------+----------------------------------+-----
Shapeshifting  | 3 4 5 6 8 10 11 | 11.2
Unarmed Combat | 3 4 5 6 9 10 | 10.9
Dodging        | 2 5 6 |  6.3
Fighting       | 2 5 6 |  6.6

Action                     |  1- 3 |  4- 6 |  7- 9 | 10-12 || total
---------------------------+-------+-------+-------+-------++-------
  Melee: Unarmed           |   102 |    95 |   356 |   247 ||   800
         Punch             |     2 |     3 |    11 |    19 ||    35
         Kick              |       |       |    81 |       ||    81
         Maw               |       |       |    81 |    88 ||   169
 Invoke: Sacrifice Artific |       |       |     1 |       ||     1
         Sacrifice Durabil |       |       |       |     1 ||     1
         Reject Sacrifices |       |       |       |     1 ||     1
  Evoke: Wand              |       |       |     8 |       ||     8
    Use: Scroll            |       |     9 |     6 |     2 ||    17
         Potion            |       |     1 |    12 |       ||    13
   Stab: Sleeping          |     2 |     1 |     1 |       ||     4
         Distracted        |       |       |     1 |       ||     1
         Invisible         |       |       |       |     1 ||     1
 Armour: Animal skin       |    54 |     9 |       |       ||    63
         Skin              |       |    19 |   222 |   116 ||   357
         Ring mail         |       |    13 |       |       ||    13
  Dodge: Dodged            |    59 |    32 |   162 |   142 ||   395
  Block: Other             |       |     9 |    56 |    24 ||    89
   Form: Flux              |       |     1 |       |       ||     1
         Maw               |       |       |     1 |       ||     1

Illustrated notes

Table legend:
 A = Kills in this place as a percentage of kills in the entire game.
 B = Kills by you in this place as a percentage of kills by you in the entire game.
 C = Kills by friends in this place as a percentage of kills by friends in the entire game.
 D = Other kills in this place as a percentage of other kills in the entire game.
 E = Experience gained in this place as a percentage of experience gained in the entire game.
 F = Experience gained in this place divided by the number of levels of this place that you have seen.
                   A       B       C       D       E      F
               +-------+-------+-------+-------+-------+----------------------
         Total | 100.0 | 100.0 |   N/A |   N/A | 100.0 | 1139.4
       Dungeon |  86.3 |  86.3 |   N/A |   N/A |  89.4 | 1203.5
        Bailey |  13.7 |  13.7 |   N/A |   N/A |  10.6 | 1573.0
               +-------+-------+-------+-------+-------+----------------------

Table legend: (Time is in decaauts)
 A = Elapsed time spent in this place.
 B = Non-inter-level travel time spent in this place.
 C = Inter-level travel time spent in this place.
 D = Time resting spent in this place.
 E = Time spent auto-exploring this place.
 F = Levels seen in this place.
 G = Mean time per level.
                   A        B        C        D        E       F      G
               +--------+--------+--------+--------+--------+-----+--------+
         Total |  10869 |  10562 |    307 |   1287 |   7524 |  13 |  836.1 |
       Dungeon |   9860 |   9572 |    288 |    946 |   7105 |  11 |  896.4 |
        Temple |     43 |     24 |     19 |      0 |     23 |   1 |   43.0 |
        Bailey |    964 |    964 |      0 |    341 |    395 |   1 |  964.0 |
               +--------+--------+--------+--------+--------+-----+--------+

Top non-repeatable levels by time:
     D:7: 1835 daAuts
     D:8: 1418 daAuts
     D:6: 1177 daAuts
     D:5: 1156 daAuts
     D:9: 1134 daAuts
  Bailey: 964 daAuts
     D:1: 821 daAuts
     D:4: 778 daAuts
     D:3: 548 daAuts
     D:2: 487 daAuts
    D:10: 425 daAuts
    D:13: 77 daAuts
  Temple: 43 daAuts
